 Dungeon Crawl Stone Soup version 0.30-a0-739-gea05faddec (webtiles) character file.

Game seed: 7248172468396285506

6790 jimonade the Thaumaturge (level 11, 0/70 HPs)
             Began as a Djinni Hedge Wizard on Feb 4, 2023.
             Was an Initiate of Ashenzari.
             Slain by a death yak (7 damage)
             ... on level 8 of the Dungeon.
             The game lasted 00:28:50 (10396 turns).

jimonade the Thaumaturge (Djinni Hedge Wizard)     Turns: 10396, Time: 00:28:50

Health: 0/70       AC: 10    Str: 11    XL:     11   Next: 25%
Gold:   459        EV: 24    Int: 18    God:    Ashenzari [......] SH:  0 Dex: 13

rFire   + + .      SeeInvis .    a - +2 dagger (flame)
rCold   x . .      Faith    .    (no shield)
rNeg    . . .      Spirit   .    O - +0 steam dragon scales
rPois   ∞          Reflect  .    p - +0 helmet
rElec   .          Harm     .    q - +2 cloak of Supernal Understanding {Self, Evo} (curse)
rCorr   .          Rampage  .    H - +0 pair of gloves
Will    +....                    (boots unavailable)
Stlth   ++                       (no amulet)
HPRegen 0.31/turn                o - +5 ring of evasion
MPRegen 0.00/turn                L - +5 ring of evasion

@: flying
A: sickness immunity, fire resistance 2, cold vulnerability 1, float, innate
caster, HP casting, extra vitality 1
a: Renounce Religion, Shatter the Chains


You were on level 8 of the Dungeon.
You worshipped Ashenzari.
Ashenzari was noncommittal.
You visited 3 branches of the dungeon, and saw 11 of its levels.

You collected 459 gold pieces.

Inventory:

Hand Weapons
 a - a +2 dagger of flaming (weapon)
 b - a +0 sling of electrocution
 r - a +0 arbalest
 t - a +0 dagger of speed
 N - a +0 dagger of draining
 Q - a +0 whip of electrocution
Missiles
 s - 6 boomerangs
 v - 4 poisoned darts
 V - a curare-tipped dart
Armour
 c - a +0 hat
 j - a +0 chain mail
 p - a +0 helmet (worn)
 q - the cursed +2 cloak of Supernal Understanding (worn) {Self, Evo}
   (You found it on level 2 of the Dungeon)

   It has a curse which improves the following skills: Introspection: Fighting
   and Spellcasting.
   Evocations: Evocations.
 z - a +0 ring mail
 H - a +0 pair of gloves (worn)
 O - +0 steam dragon scales (worn)
 U - a +1 robe of cold resistance
Magical Staves
 T - a staff of poison
Jewellery
 o - a +5 ring of evasion (left hand)
 L - a +5 ring of evasion (right hand)
 X - a ring of protection from fire
Wands
 x - a wand of light (7)
 E - a wand of iceblast (8)
 K - a wand of paralysis (12)
 M - a wand of digging (4)
 P - a wand of flame (7)
Scrolls
 f - 3 scrolls of enchant weapon {unknown}
 g - a scroll of blinking {unknown}
 h - a scroll of silence {unknown}
 m - 7 scrolls of identify {unknown}
 u - 4 scrolls of teleportation {unknown}
 y - 2 scrolls of enchant armour {unknown}
 F - a scroll of vulnerability {unknown}
 R - a scroll of magic mapping {unknown}
 S - a scroll of poison {unknown}
 W - a scroll of noise {unknown}
Potions
 e - 2 potions of attraction {unknown}
 k - a potion of heal wounds {unknown}
 l - 3 potions of degeneration {unknown}
 n - 4 potions of curing {unknown}
 w - a potion of lignification {unknown}
 A - a potion of brilliance {unknown}
 B - 3 potions of might {unknown}
 C - a potion of experience {unknown}
 D - 2 potions of mutation {unknown}
 G - a potion of cancellation {unknown}
 J - a potion of berserk rage {unknown}


   Skills:
 + Level 2.5(2.9) Fighting
 + Level 3.3 Short Blades
 + Level 6.6 Dodging
 - Level 1.5 Stealth
 + Level 4.6 Unarmed Combat
 * Level 11.1(11.5) Spellcasting


You had 9 spell levels left.
You knew the following spells:

 Your Spells              Type           Power      Damage    Failure   Level
a - Magic Dart            Conj           100%       1d8       1%          1
b - Slow                  Hex            100%       N/A       1%          1
c - Blink                 Tloc           100%       N/A       1%          2
d - Call Imp              Summ           51%        N/A       1%          2
e - Mephitic Cloud        Conj/Pois/Air  51%        N/A       1%          3
f - Foxfire               Conj/Fire      100%       2x1d9     1%          1
g - Momentum Strike       Conj/Tloc      100%       3d10      1%          2
h - Spider Form           Tmut/Pois      51%        N/A       1%          3
i - Passage of Golubria   Tloc           51%        N/A       1%          4
j - Irradiate             Conj/Tmut      25%        3d20      1%          5
Your spell library was empty.

Dungeon Overview and Level Annotations

Branches:
Dungeon (9/15)             Temple (1/1) D:7            Lair (1/5) D:8
    Orc: D:9-12

Altars:
Ashenzari
Cheibriados
Dithmenos
Elyvilon
Fedhas
Gozag
Hepliaklqana
Makhleb
Okawaru
Qazlal
Ru
Trog
Uskayaw
Wu Jian
Xom
Zin
The Shining One

Shops:
D:2 [

Annotations:
D:8 exclusions: downstairs and statue


Innate Abilities, Weirdness & Mutations

You are immune to sickness and miasma.
You are immune to poison.
Your flesh is very heat resistant. (rF++)
You are vulnerable to cold. (rC-)
You float through the air rather than walking.
You learn spells naturally, not from books.
Your magical power is your life essence.
You have superior vitality. (+4 MHP)


Message History

The death yak is severely wounded.
Casting: Foxfire (safe; 1% risk of failure)
Press: ? - help, Q - select action, (/) - cycle Dir - look around, f - activate You conjure some foxfire!
* * * LOW HITPOINT WARNING * * *
Your foxfire dissipates!
The foxfire hits the death yak.
The death yak is severely wounded.
Casting: Foxfire (safe; 1% risk of failure)
Press: ? - help, Q - select action, (/) - cycle Dir - look around, f - activate You conjure some foxfire!
* * * LOW HITPOINT WARNING * * *
Your foxfire dissipates!
The foxfire hits the death yak.
The death yak is severely wounded.
Casting: Foxfire (safe; 1% risk of failure)
Press: ? - help, Q - select action, (/) - cycle Dir - look around, f - activate You conjure some foxfire!
* * * LOW HITPOINT WARNING * * *
The death yak seems less confused.
The foxfire hits the death yak but does no damage.
The death yak is severely wounded.
The foxfire hits the death yak but does no damage.
The death yak is severely wounded.
Casting: Foxfire (safe; 1% risk of failure)
Confirm with . or Enter, or press ? or * to list all spells.
Aiming: Mephitic Cloud (safe; 1% risk of failure)
Press: ? - help, Shift-Dir - straight line, f - death yak
Aim: a death yak (severely wounded, chance to affect: 34%)
The ball explodes into a vile cloud!
The stinking cloud engulfs the death yak but does no damage.
The death yak is severely wounded.
* * * LOW HITPOINT WARNING * * *
The death yak is engulfed in noxious fumes.
The death yak is engulfed in noxious fumes.
The death yak closely misses you. The death yak attacks as you move away!
The death yak misses you. The death yak attacks as you move away!
The death yak barely misses you. The death yak gores you!
You die...

#.# ###########.# ########
#...........#####
.......###.####..!.......###
...#..........)[..........>#
..###.####....[[.........#.#
.###..# #.>.....#########.#
###...# #.......# #.# #....#
#......@# #.# ##...#
#.....Y.# #.#
####..####...~...# #.#
......##....~~..##########.#
########....~...'..........#
#....~...##########.#
#........# #.# #........#
#.# ########## #.#


You could see a death yak.

Vanquished Creatures
  Pikel (D:7)
  2 cane toads (D:8)
  A hornet (D:8)
  Sigmund (D:6)
  A wyvern (D:9)
  9 yaks
  A steam dragon (D:7)
  Menkaure (D:7)
  3 water moccasins
  2 black bears (D:6)
  An ice beast (D:6)
  2 orc warriors
  3 sky beasts
  An ogre (D:7)
  3 phantoms
  3 centaurs
  4 lemures (D:7)
  A kobold brigand (D:8)
  3 scorpions
  6 bullfrogs
  A necrophage (D:7)
  6 wights
  5 killer bees (D:9)
  A jelly (D:6)
  4 orc priests (D:8)
  5 hounds
  A gnoll bouda (D:7)
  An iguana (D:6)
  8 orc wizards
  Terence (D:2)
  Natasha (twice) (D:4)
  11 gnolls
  6 adders
  A shadow imp (D:5)
  An ufetubus (D:4)
  3 worms
  A dart slug (D:2)
  21 orcs
  10 ball pythons
  5 bats
  8 endoplasms
  4 giant cockroaches
  18 goblins
  10 hobgoblins
  3 quokkas (D:1)
  A frilled lizard (D:1)
  10 kobolds
  4 rats (D:1)
201 creatures vanquished.

Vanquished Creatures (collateral kills)
  Robin (D:2)
  A gnoll (D:6)
  A worm (D:2)
  A foxfire (D:7)
4 creatures vanquished.

Vanquished Creatures (others)
  697 foxfires
  2 fungi (Lair:1)
  25 plants (Lair:1)
724 creatures vanquished.

Grand Total: 929 creatures vanquished

Notes
Turn   | Place    | Note
-------+----------+-------------------------------------------
     0 | D:1      | jimonade the Djinni Hedge Wizard began the quest for the
                  | Orb.
     0 | D:1      | jimonade set off with the following spells memorised: Magic
                  | Dart, Slow, Blink, Call Imp, Mephitic Cloud.
     0 | D:1      | Reached XP level 1. HP: 15/15 MP: 0/0
   155 | D:1      | Reached XP level 2. HP: 18/21 MP: 0/0
   342 | D:1      | Reached skill level 3 in Spellcasting
   471 | D:1      | Reached XP level 3. HP: 25/25 MP: 0/0
   471 | D:1      | Learned a level 1 spell: Foxfire
  1050 | D:2      | Found Zusmanlu's Armour Shoppe.
  1097 | D:2      | Reached XP level 4. HP: 26/31 MP: 0/0
  1299 | D:2      | Noticed Terence
  1314 | D:2      | Killed Terence
  1538 | D:2      | Found an opulent altar of Gozag.
  1569 | D:2      | Noticed Robin
  1601 | D:2      | Killed Robin
  1602 | D:2      | Reached XP level 5. HP: 20/36 MP: 0/0
  1602 | D:2      | Learned a level 2 spell: Momentum Strike
  1682 | D:2      | Reached skill level 4 in Spellcasting
  2401 | D:3      | Noticed a bullfrog
  2408 | D:3      | Killed a bullfrog
  2409 | D:3      | Reached XP level 6. HP: 38/41 MP: 0/0
  2884 | D:4      | Noticed Natasha
  2893 | D:4      | Killed Natasha
  2894 | D:4      | Reached skill level 1 in Short Blades
  2894 | D:4      | Reached skill level 5 in Spellcasting
  2894 | D:4      | Noticed Natasha
  2895 | D:4      | Killed Natasha
  3164 | D:5      | Entered Level 5 of the Dungeon
  3289 | D:5      | Reached XP level 7. HP: 35/46 MP: 0/0
  3289 | D:5      | Learned a level 3 spell: Spider Form
  4096 | D:6      | Reached skill level 1 in Unarmed Combat
  4188 | D:6      | Reached skill level 6 in Spellcasting
  4334 | D:6      | Reached XP level 8. HP: 42/51 MP: 0/0
  4402 | D:6      | Paralysed by an orc for 5 turns
  4415 | D:6      | Reached skill level 1 in Fighting
  5104 | D:6      | Noticed Sigmund
  5108 | D:6      | Killed Sigmund
  5109 | D:6      | Reached skill level 7 in Spellcasting
  5109 | D:6      | Reached XP level 9. HP: 54/58 MP: 0/0
  5109 | D:6      | Learned a level 4 spell: Passage of Golubria
  5504 | D:7      | Noticed Menkaure
  5510 | D:7      | Killed Menkaure
  5933 | D:7      | Reached skill level 8 in Spellcasting
  6194 | D:7      | Noticed Pikel
  6335 | D:7      | Killed Pikel
  6336 | D:7      | Reached skill level 5 in Dodging
  6336 | D:7      | Reached XP level 10. HP: 27/64 MP: 0/0
  6482 | D:7      | Found a staircase to the Ecumenical Temple.
  6487 | D:7      | Reached skill level 9 in Spellcasting
  6516 | Temple   | Entered the Ecumenical Temple
  6628 | Temple   | Became a worshipper of Ashenzari the Shackled
  6707 | D:7      | Found a sacrificial altar of Ru.
  6707 | D:7      | Found a hazy altar of Hepliaklqana.
  6948 | D:7      | Found a shadowy altar of Dithmenos.
  7499 | D:8      | Found a staircase to the Lair.
  7995 | D:8      | Reached skill level 10 in Spellcasting
  8074 | D:8      | Found a stormy altar of Qazlal.
  8482 | D:9      | Noticed a centaur warrior
  8733 | Lair:1   | Entered Level 1 of the Lair of Beasts
  8733 | Lair:1   | Noticed a cane toad
  8753 | D:8      | Killed a cane toad
  9347 | D:9      | Reached XP level 11. HP: 57/68 MP: 0/0
  9347 | D:9      | Learned a level 5 spell: Irradiate
  9392 | D:9      | Identified the cursed +2 cloak of Supernal Understanding
                  | {Self, Evo} (You found it on level 2 of the Dungeon)
  9968 | Lair:1   | Noticed a death yak
  9969 | Lair:1   | Noticed a death yak
  9970 | Lair:1   | Noticed a death yak
  9972 | Lair:1   | Noticed a death yak
 10009 | D:8      | Reached skill level 11 in Spellcasting
 10396 | D:8      | Slain by a death yak

Illustrated notes

Levels and vault maps discovered:
D:1:      dpeg_arrival_water_fire, layout_basic
D:2:      layout_basic, basic_altar, serial_shops, shop_statue,
          amethyst_killhole, uniq_terence, uniq_robin
D:3:      layout_rooms, minmay_circle_x
D:4:      layout_rooms, minivault_14, uniq_natasha
D:5:      layout_basic
D:6:      layout_basic, uniq_sigmund
D:7:      layout_basic, lemuel_crystal_altar,
          gammafunk_temple_overflow_elements,
          minmay_temple_entry_statues_fountains, uniq_menkaure, uniq_pikel
D:8:      layout_basic, vehumet_statue, mainiacjoe_overflow_divided_tiny,
          nicolae_straight_to_the_point
D:9:      layout_basic, grunt_temple_overflow_opulence, special_room
          [special_room_orc], minmay_misc_feat_diagonals
Temple:   dshaligram_water_room_temple
Lair:1:   layout_gridlike, gammafunk_ghost_hydra_chop,
          nicolae_lair_grazing_beasts [nicolae_sub_lair_graze_edge,
          nicolae_sub_lair_graze_edge, nicolae_sub_lair_graze_edge,
          nicolae_sub_lair_graze_edge], grunt_megastairs_5, lemuel_fruit_tree,
          uniq_maggie

Skill      XL: |  1  2  3  4  5  6  7  8  9 10 11 |
---------------+----------------------------------+-----
Spellcasting   | 3 4 5 6 7 8 10 11 | 11.1
Short Blades   | 1 2 3 |  3.3
Unarmed Combat | 1 3 4 |  4.6
Dodging        | 3 4 5 6 |  6.6
Fighting       | 1 2 |  2.5
Stealth        | |  1.5

Action                     |  1- 3 |  4- 6 |  7- 9 | 10-12 || total
---------------------------+-------+-------+-------+-------++-------
  Melee: Dagger            |    54 |    10 |    47 |   161 ||   272
         Punch             |     1 |       |     2 |     8 ||    11
         Unarmed           |       |       |    90 |    18 ||   108
   Cast: Magic Dart        |    32 |     9 |     2 |     5 ||    48
         Foxfire           |    12 |   132 |   120 |   170 ||   434
         Call Imp          |       |     3 |     7 |     2 ||    12
         Mephitic Cloud    |       |     2 |    12 |    33 ||    47
         Blink             |       |     1 |     1 |     3 ||     5
         Momentum Strike   |       |     2 |       |       ||     2
         Spider Form       |       |       |    12 |     1 ||    13
         Slow              |       |       |     2 |     1 ||     3
         Passage of Golubr |       |       |     1 |       ||     1
         Irradiate         |       |       |       |     1 ||     1
 Invoke: Curse Item        |       |       |       |     1 ||     1
   Stab: Sleeping          |     1 |     2 |       |       ||     3
         Confused          |       |       |     3 |    15 ||    18
 Armour: Robe              |    15 |     5 |    11 |       ||    31
         Skin              |       |       |     5 |       ||     5
         Steam dragon scal |       |       |     6 |    27 ||    33
  Dodge: Dodged            |    45 |    17 |   149 |   239 ||   450

Table legend: (Time is in decaauts)
 A = Elapsed time spent in this place.
 B = Non-inter-level travel time spent in this place.
 C = Inter-level travel time spent in this place.
 D = Time resting spent in this place.
 E = Time spent auto-exploring this place.
 F = Levels seen in this place.
 G = Mean time per level.
                   A        B        C        D        E       F      G
               +--------+--------+--------+--------+--------+-----+--------+
         Total |  10371 |   9687 |    684 |   1239 |   6408 |  11 |  942.8 |
       Dungeon |  10156 |   9512 |    644 |   1239 |   6332 |   9 | 1128.4 |
        Temple |    121 |     81 |     40 |      0 |     70 |   1 |  121.0 |
          Lair |     93 |     93 |      0 |      0 |      6 |   1 |   93.0 |
               +--------+--------+--------+--------+--------+-----+--------+

Top non-repeatable levels by time:
     D:8: 2706 daAuts
     D:6: 1743 daAuts
     D:7: 1243 daAuts
     D:2: 1177 daAuts
     D:1: 1016 daAuts
     D:5: 861 daAuts
     D:3: 508 daAuts
     D:4: 458 daAuts
     D:9: 440 daAuts
  Temple: 121 daAuts
  Lair:1: 93 daAuts
